 Dungeon Sprint DCSS version 0.31.0-9-g3a7656b989 (webtiles) character file.

Game seed: 4237384941974774513

7 Heoruswealwe the Covered (level 1, -8/20 HPs)
             Began as a Minotaur Fighter on Feb 1, 2024.
             Mangled by an ogre
             ... wielding a +0 giant spiked club
              (28 damage)
             ... in the Dungeon (Sprint IX: "|||||||||||||||||||||||||||||").
             The game lasted 00:00:17 (25 turns).

Heoruswealwe the Covered (Minotaur Fighter)           Turns: 25, Time: 00:00:17

Health: -8/20      AC:  7    Str: 20    XL:     1   Next: 83%
Magic:  0/0        EV:  9    Int:  5    God:
Gold:   0          SH:  4    Dex:  9    Spells: 0/0 levels left

rFire   . . .        a - +0 trident
rCold   . . .        d - +0 buckler
rNeg    . . .        c - +0 scale mail
rPois   .            (helmet restricted)
rElec   .            (no cloak)
rCorr   .            (no gloves)
SInv    .            (no boots)
Will    .....        (no amulet) Stlth
                     (no ring)
HPRegen 0.23/turn    (no ring)
MPRegen 0.07/turn

%: no teleportation
@: no status effects
A: horns 2, retaliatory headbutt
a: no special abilities


You were in the Dungeon.
You visited 1 branch

Inventory:

Hand Weapons
 a - a +0 trident (weapon)
Armour
 c - a +0 scale mail (worn)
 d - a +0 buckler (worn)
Scrolls
 j - a scroll of blinking
Potions
 b - a potion of might
 e - a potion of curing
 g - a potion of haste
 h - 2 potions of magic
 i - a potion of berserk rage


   Skills:
 + Level 4.2 Fighting
 * Level 4.0 Polearms
 + Level 4.3 Armour
 - Level 3.6 Shields


You couldn't memorise any spells.
You didn't know any spells.
Your spell library was empty.

Dungeon Overview and Level Annotations

Branches:
Dungeon (1/1)

Altars:


Innate Abilities, Weirdness & Mutations

You have a pair of horns on your head.
You reflexively headbutt those who attack you in melee.


Message History

You barely miss the bat. Your headbutt misses the bat. The bat hits you.
You barely miss the bat. Your headbutt misses the bat.
The bat barely misses you. The bat hits you but does no damage.
You closely miss the bat. Your headbutt misses the bat.
The bat hits you but does no damage.
You puncture the bat!
You kill the bat!
The goblin hits you with a +0 club.
Your Fighting skill increases to level 4!
Your Armour skill increases to level 4!
You closely miss the goblin. Your headbutt misses the goblin.
The goblin barely misses you. You furiously retaliate!
You headbutt the goblin.
You kill the goblin!
You closely miss the hobgoblin.
The hobgoblin hits you but does no damage.
You barely miss the hobgoblin. You headbutt the hobgoblin.
You kill the hobgoblin!
You block the bat's attack. The bat hits you but does no damage.
You barely miss the bat. Your headbutt misses the bat. The bat misses you.
The bat closely misses you.
You closely miss the bat. The bat closely misses you. You furiously retaliate!
You headbutt the bat.
You kill the bat!
Your Polearms skill increases to level 4!
Items here: ) †††.
Items here: ) †††.
Press: ? - help, v - describe, . - travel, g - get item
Items here: ) †††.
The floor.
You open the door.
An iguana, a black bear, a bombardier beetle, a hound and an ogre come into view.
The iguana hisses angrily.
The hound barks!
The ogre shouts!
You completely miss the ogre.
The ogre hits you with a +0 giant spiked club!!
Ouch! That really hurt!
* * * LOW HITPOINT WARNING * * *
You feel much better.
The ogre hits you with a +0 giant spiked club!!
Ouch! That really hurt!
You die...

▓+▓
▓l▓
▓B▓
▓h▓
▓.▓
▓h▓
▓O▓
▓@▓
▓.▓
▓.▓
▓.▓
▓)▓
▓'▓
▓.▓
▓.▓
▓.▓


You could see a black bear, an ogre, a bombardier beetle, an iguana and a hound.

Vanquished Creatures
  2 bats (D)
  A goblin (D)
  A hobgoblin (D)
  A quokka (D)
5 creatures vanquished.

Notes
Turn   | Place    | Note
-------+----------+-------------------------------------------
     0 | D        | Heoruswealwe the Minotaur Fighter began the quest for the
                  | Orb.
     0 | D        | Reached XP level 1. HP: 19/19 MP: 0/0
    23 | D        | Noticed an iguana
    23 | D        | Noticed a black bear
    23 | D        | Noticed a bombardier beetle
    23 | D        | Noticed a hound
    23 | D        | Noticed an ogre
    25 | D        | Mangled by an ogre

Illustrated notes

Levels and vault maps discovered:
D:        linesprint [early_d, line_temple, items_1, d_10, items_2, lair_1,
          lair_end, items_3, orc_1, orc_end, items_4, d_15, swamp_1, shoals_1,
          snake_1, spider_1, d_20, vaults_1, items_5, swamp_end, shoals_end,
          snake_end, spider_end, vaults_end, d_27, items_6, zot_1, zot_end,
          crypt_end, forest_end, elf_end, slime_end, tomb_end, abyss_end,
          pan_hell_end]

Skill      XL: |  1 |
---------------+----+-----
Polearms       | 4 |  4.0
Fighting       | 4 |  4.2
Armour         | 4 |  4.3
Shields        | |  3.6

Action                     || total
---------------------------++-------
  Melee: Trident           ||    12
         Headbutt          ||     1
    Use: Potion            ||     1
 Armour: Scale mail        ||     8
  Dodge: Dodged            ||     9
  Block: Buckler           ||     2
